 Dungeon Crawl Stone Soup version 0.28-a0-87-g9a7839dea9 (webtiles) character file.

Game seed: 9548181231455530120

228 pokeman the Magician (level 5, -3/29 HPs)
             Began as a Deep Elf Hedge Wizard on Aug 6, 2021.
             Slain by a bullfrog (7 damage)
             ... in a sewer.
             The game lasted 00:06:29 (3325 turns).

pokeman the Magician (Deep Elf Hedge Wizard)        Turns: 3325, Time: 00:06:29

Health: -3/29      AC: 10    Str:  7    XL:     5   Next: 70%
Magic:  0/16       EV: 16    Int: 20    God:
Gold:   127        SH:  0    Dex: 14    Spells: 6/17 levels left

rFire   + . .      SeeInvis .   y - +0 dagger (protect)
rCold   + . .      Faith    .   (no shield)
rNeg    . . .      Spirit   .   u - +0 leather armour
rPois   .          Reflect  .   c - +0 hat
rElec   .          Harm     .   x - scarf {rC+ rF+}
rCorr   .          Rampage  .   (no gloves)
Will    .....                   (no boots)
Stlth   +.........              (no amulet)
HPRegen 0.09/turn               p - +4 ring of evasion
MPRegen 0.15/turn               b - ring of wizardry

@: under a protective aura, very slow
A: no striking features
a: no special abilities


You were in a sewer.
You visited 1 branch of the dungeon, and saw 4 of its levels.
You also visited: Sewer.

You collected 127 gold pieces.

Inventory:

Hand Weapons
 y - a +0 dagger of protection (weapon)
Missiles
 f - 14 arrows
 t - 22 bolts
Armour
 c - a +0 hat (worn)
 o - a +0 cloak
 u - a +0 leather armour (worn)
 x - a scarf of resistance (worn)
Jewellery
 b - a ring of wizardry (right hand)
 p - a +4 ring of evasion (left hand)
 w - a +4 ring of slaying
Scrolls
 g - 5 scrolls of teleportation {unknown}
 h - a scroll of fog {unknown}
 j - a scroll of vulnerability {unknown}
 n - a scroll of noise {unknown}
 r - a scroll of torment {unknown}
 s - 3 scrolls of identify {unknown}
 v - a scroll of amnesia {unknown}
Potions
 d - a potion of mutation {unknown}
 e - 2 potions of heal wounds {unknown}
 i - 2 potions of haste {unknown}
 k - a potion of invisibility {unknown}
 l - a potion of curing {unknown}
 m - a potion of flight {unknown}
 q - 2 potions of lignification {unknown}


   Skills:
 - Level 1.4 Fighting
 - Level 1.0 Armour
 - Level 3.0 Dodging
 + Level 2.8 Stealth
 * Level 6.5 Spellcasting
 + Level 2.9 Conjurations
 - Level 1.1 Summonings
 - Level 1.1 Translocations
 + Level 0.0 Air Magic
 - Level 1.1 Poison Magic


You had 6 spell levels left.
You knew the following spells:

 Your Spells              Type           Power      Damage    Failure   Level
a - Magic Dart            Conj           72%        1d6       1%          1
b - Mephitic Cloud        Conj/Pois/Air  11%        N/A       11%         3
c - Call Imp              Summ           10%        N/A       6%          2
d - Blink                 Tloc           N/A        N/A       6%          2
e - Conjure Flame         Conj/Fire      12%        6-21      10%         3

Your spell library contained the following spells:

 Spells                   Type           Power      Damage    Failure   Level
 Slow                     Hex            6%         N/A       9%          2
 Animate Dead             Necr           3%         N/A       47%         4
 Haunt                    Necr/Summ      4%         N/A       100%        7
 Infestation              Necr           3%         N/A       100%        8


Dungeon Overview and Level Annotations

Branches:
Dungeon (4/15)              Sewer (1/1)
 Temple: D:4-7

Altars:
Cheibriados
Elyvilon
Okawaru
Qazlal
Ru
Sif Muna
Wu Jian
Yredelemnul


Message History

Moving in this stuff is going to be slow.
The bullfrog misses you.
Unknown command.
The bullfrog barely misses you.
Casting: Blink (safe; 6% risk of failure)
Confirm with . or Enter, or press ? or * to list all spells.
You blink.
Splash!
You fall into the shallow water.
Moving in this stuff is going to be slow.
Unknown command.
What are your orders? t - Shout!
Orders for allies: a - Attack new target. r - Retreat! s - Stop attacking. g - Guard the area. f - Follow me.
Anything else - Cancel.
Gang up on whom?
Press: ? - help, Dir - move target, f - bullfrog
Aim: a bullfrog (ally target) Attack!
Your white imp gestures at the bullfrog.
The puff of frost hits the bullfrog!
Unknown command.
You aren't carrying any items that you can evoke.
A bullfrog is nearby!
Unknown command.
Casting: Blink (safe; 6% risk of failure)
Confirm with . or Enter, or press ? or * to list all spells.
Aiming: Magic Dart (safe; 1% risk of failure)
Press: ? - help, Shift-Dir - straight line, f/p - bullfrog
Aim: a bullfrog (moderately wounded, ally target, 100% to hit)
The magic dart hits the bullfrog.
The bullfrog is heavily wounded.
Unknown command.
You hit the bullfrog.
Your weapon exudes an aura of protection.
The bullfrog is heavily wounded.
The bullfrog hits you!
You die...

≈≈≈##≈≈≈≈.# #.#
≈≈≈##≈≈≈≈.# #.#
.≈≈##.≈≈≈.# #######
#.#
.†.##.≈≈≈.###≈≈≈≈≈##
#.#
≈†.##.≈≈≈.#≈≈≈≈≈≈≈≈##
#.#
.≈.##.≈≈≈.#≈≈≈≈≈≈≈≈≈##
#.#
#≈###.≈≈≈.≈≈≈≈≈≈≈≈≈≈≈#
#.# #.#
#.≈≈≈.≈≈≈≈≈≈≈≈≈≈≈# #.#
#.#
#.≈≈≈.≈≈≈≈≈≈@≈≈≈≈##
#.# #)#
#.≈≈≈.≈≈≈≈≈.F≈≈≈≈≈#
#.# #.#
#.≈≈≈≈≈≈5≈≈!.≈≈≈≈≈#
#.# #∩#
#.≈≈≈≈≈≈≈≈?[$.≈≈≈≈#
#.# #.#
#.≈≈≈≈≈≈≈≈.5.≈≈≈≈≈#
#.# ###
#.≈≈≈≈≈≈≈≈≈≈.≈≈≈≈≈#
#.#
#.≈≈≈≈≈≈≈≈≈≈.≈≈≈≈≈#
#.#
#.≈≈≈≈≈≈....≈.≈≈≈##
#≈# #.≈≈≈≈≈≈≈≈≈≈≈.∩≈≈#
#.#


You could see a bullfrog (ally target), a friendly crimson imp (summoned) and a
friendly white imp (summoned).

Vanquished Creatures
  A bullfrog (Sewer)
  A jelly (D:4)
  A hound (D:4)
  4 adders
  A dart slug (D:1)
  An endoplasm (D:2)
  7 giant cockroaches
  3 goblins
  3 hobgoblins
  7 jackals (D:2)
  8 quokkas
  10 ball pythons
  5 bats
  7 frilled lizards
  4 kobolds
  3 rats
66 creatures vanquished.

Notes
Turn   | Place    | Note
-------+----------+-------------------------------------------
     0 | D:1      | pokeman the Deep Elf Hedge Wizard began the quest for the
                  | Orb.
     0 | D:1      | Reached XP level 1. HP: 10/10 MP: 7/7
   436 | D:1      | Reached XP level 2. HP: 15/15 MP: 7/9
   901 | D:2      | Found a faded altar of an unknown god.
  1182 | D:2      | Reached skill level 5 in Spellcasting
  1457 | D:2      | Reached XP level 3. HP: 20/20 MP: 8/11
  1463 | D:2      | Learned a level 3 spell: Mephitic Cloud
  1466 | D:2      | Learned a level 2 spell: Call Imp
  1470 | D:2      | Learned a level 2 spell: Blink
  1474 | D:2      | Learned a level 3 spell: Conjure Flame
  1773 | D:2      | Found a sacrificial altar of Ru.
  2079 | D:3      | Found a snail-covered altar of Cheibriados.
  2126 | D:3      | Reached skill level 1 in Armour
  2314 | D:3      | Reached skill level 1 in Fighting
  2397 | D:3      | Found a basalt altar of Yredelemnul.
  2441 | D:3      | Found an iron altar of Okawaru.
  2447 | D:3      | Found an ornate altar of the Wu Jian Council.
  2450 | D:3      | Found a stormy altar of Qazlal.
  2629 | D:4      | Reached XP level 4. HP: 16/25 MP: 8/13
  2767 | D:4      | Found a white marble altar of Elyvilon.
  2773 | D:4      | Found a shimmering blue altar of Sif Muna.
  2868 | D:4      | Reached skill level 6 in Spellcasting
  2868 | D:4      | Found a glowing drain.
  2877 | Sewer    | Entered a sewer
  2909 | Sewer    | Reached XP level 5. HP: 29/29 MP: 9/15
  3318 | Sewer    | Reached skill level 1 in Poison Magic
  3325 | Sewer    | Slain by a bullfrog

Illustrated notes

Levels and vault maps discovered:
D:1:      ncdulo_watergridlock, layout_loops_ring, solitary_fountain
D:2:      layout_loops_cross, ebering_ecumenical_altar_sacrificial, basic_altar,
          minmay_misc_feat_chi, roderic_serpentine_path
D:3:      layout_rooms, mainiacjoe_overflow_small_starburst,
          mainiacjoe_overflow_surrounded_room, minmay_overflow_temple_star_quad
D:4:      layout_loops_ring, minitemple, minmay_temple_entry_trees,
          serial_shops, shop, portal_sewer_entry_d
Sewer:    sewer_frog_island_01

Skill      XL: |  1  2  3  4  5 |
---------------+----------------+-----
Spellcasting   | 5 6 |  6.5
Armour         | 1 |  1.0
Conjurations   | 2 |  2.9
Fighting       | 1 |  1.4
Dodging        | 3 |  3.0
Poison Magic   | 1 |  1.1
Stealth        | |  2.8
Summonings     | |  1.1
Translocations | |  1.1

Action                   |  1- 3 |  4- 6 || total
-------------------------+-------+-------++-------
Melee: Dagger            |     7 |     1 ||     8
 Cast: Magic Dart        |   102 |    54 ||   156
       Blink             |       |     2 ||     2
       Call Imp          |       |     2 ||     2
 Stab: Sleeping          |     1 |       ||     1
Armor: Robe              |     2 |       ||     2
       Leather armour    |     8 |     3 ||    11
Dodge: Dodged            |    30 |    15 ||    45

Table legend: (Time is in decaauts)
 A = Elapsed time spent in this place.
 B = Non-inter-level travel time spent in this place.
 C = Inter-level travel time spent in this place.
 D = Time resting spent in this place.
 E = Time spent auto-exploring this place.
 F = Levels seen in this place.
 G = Mean time per level.
                   A        B        C        D        E       F      G
               +--------+--------+--------+--------+--------+-----+--------+
         Total |   3361 |   3316 |     45 |      0 |   2725 |   5 |  672.2 |
       Dungeon |   2880 |   2835 |     45 |      0 |   2318 |   4 |  720.0 |
         Sewer |    481 |    481 |      0 |      0 |    406 |   1 |  481.0 |
               +--------+--------+--------+--------+--------+-----+--------+

Top non-repeatable levels by time:
     D:2: 1174 daAuts
     D:1: 857 daAuts
     D:3: 562 daAuts
   Sewer: 481 daAuts
     D:4: 285 daAuts
